 Dungeon Crawl Stone Soup version 0.29.1-12-g30fa7ad0bf (webtiles) character file.

Game seed: 334223599262363166

912 raph the Tainter (level 7, -1/27 HPs)
             Began as a Felid Venom Mage on Dec 19, 2022.
             Was an Initiate of Gozag.
             Slain by a wight
             ... wielding a +3 hand axe of freezing
              (10 damage)
             ... on level 8 of the Dungeon.
             The game lasted 00:17:02 (11613 turns).

raph the Tainter (Felid Venom Mage)                Turns: 11613, Time: 00:17:02

Health: -1/27      AC:  2    Str:  4    XL:     7   Next: 82%
Magic:  15/17      EV: 17    Int: 18    God:    Gozag
Gold:   753        SH:  0    Dex: 17    Spells: 5/18 levels left
                                        Lives:  0   Deaths: 2

rFire   . . .      SeeInvis +   (weapon unavailable)
rCold   . . .      Faith    .   (shield unavailable)
rNeg    . . .      Spirit   .   (body armour unavailable)
rPois   .          Reflect  .   (helmet unavailable)
rElec   .          Harm     .   (cloak unavailable)
rCorr   .          Rampage  .   (gloves unavailable)
Will    +....                   (boots unavailable)
Stlth   ++........              (no amulet)
HPRegen 0.09/turn               s - +4 ring of slaying
MPRegen 0.15/turn               (no ring)

@: quick
A: very small, claws 1, fangs 3, see invisible, speed 1, shaggy fur 2, stealthy
paws, no weapons or thrown items, no armour, multi-lived
a: Renounce Religion, Potion Petition, Call Merchant, Bribe Branch


You were on level 8 of the Dungeon.
You worshipped Gozag.
Gozag was pleased with you.
You visited 1 branch of the dungeon, and saw 8 of its levels.

You collected 785 gold pieces.
You paid 32 gold pieces to Gozag.

Inventory:

Jewellery
 s - a +4 ring of slaying (left paw)
Wands
 i - a wand of light (8)
 j - a wand of iceblast (12)
 r - a wand of polymorph (7)
Scrolls
 c - 2 scrolls of torment
 d - 3 scrolls of identify
 k - a scroll of enchant armour {unknown}
 o - a scroll of fear
 p - 2 scrolls of teleportation
 q - a scroll of blinking {unknown}
Potions
 a - a potion of magic
 b - a potion of attraction
 e - 3 potions of might
 f - a potion of mutation {unknown}
 g - 3 potions of brilliance
 h - a potion of cancellation
 l - 2 potions of curing
 m - a potion of degeneration {unknown}
 n - 2 potions of flight {unknown}
 t - a potion of invisibility {unknown}


   Skills:
 - Level 2.6 Dodging
 - Level 2.6 Stealth
 + Level 6.3 Spellcasting
 - Level 2.0 Conjurations
 - Level 1.1 Transmutations
 - Level 2.0 Air Magic
 * Level 9.5 Poison Magic


You had 5 spell levels left.
You knew the following spells:

 Your Spells              Type           Power      Damage    Failure   Level
a - Sting                 Tmut/Pois      96%        1d7       1%          1
b - Poisonous Vapours     Pois/Air       52%        N/A       1%          2
c - Mephitic Cloud        Conj/Pois/Air  22%        N/A       5%          3
d - Olgreb's Toxic Radia  Pois           40%        N/A       2%          4
e - Spider Form           Tmut/Pois      24%        N/A       3%          3

Your spell library contained the following spells:

 Spells                   Type           Power      Damage    Failure   Level
 Beastly Appendage        Tmut           18%        N/A       8%          1
 Wereblood                Tmut           9%         N/A       11%         2
 Sublimation of Blood     Necr           5%         N/A       17%         2
 Gell's Gravitas          Tloc           5%         N/A       34%         3
 Lesser Beckoning         Tloc           5%         N/A       34%         3
 Teleport Other           Tloc           5%         N/A       34%         3
 Petrify                  Tmut/Erth      7%         N/A       67%         4
 Summon Ice Beast         Ice/Summ       5%         N/A       75%         4
 Irradiate                Conj/Tmut      5%         3d13      86%         5
 Summon Mana Viper        Hex/Summ       5%         N/A       97%         5
 Monstrous Menagerie      Summ           2%         N/A       100%        7


Dungeon Overview and Level Annotations

Branches:
Dungeon (8/15)             Temple (0/1) D:7
   Lair: D:8-11

Altars:
Gozag
Kikubaaqudgha
Nemelex Xobeh
Qazlal
Sif Muna
Trog
Uskayaw
Vehumet
Xom
Zin

Portals:
Bailey: D:8

Annotations:
D:3 Grinder
D:8 Grum


Innate Abilities, Weirdness & Mutations

You have sharp claws.
You have razor-sharp teeth.
You have supernaturally acute eyesight. (SInv)
You cover ground quickly. (Speed+)
You are covered in thick fur. (AC +2)
Your paws help you pounce on unaware monsters.
You are incapable of wielding weapons or throwing items.
You cannot wear armour.
You gain extra lives every three experience levels.


Message History

The wolf bites you!
Aiming: Sting (safe; 1% risk of failure)
Press: ? - help, Q - select action, (/) - cycle Shift-Dir - straight line, f - wolf
Aim: a wolf (moderately wounded, very poisoned, 60% to hit)
The sting hits the wolf.
The wolf looks even sicker.
The wolf is moderately wounded.
The wolf bites you but does no damage.
Aiming: Sting (safe; 1% risk of failure)
Press: ? - help, Q - select action, (/) - cycle Shift-Dir - straight line, f/p - wolf
Aim: a wolf (heavily wounded, very poisoned, 60% to hit)
The sting hits the wolf.
The wolf looks as sick as possible!
The wolf is severely wounded.
The wolf barely misses you. The wolf bites you!
* * * LOW HITPOINT WARNING * * *
Aiming: Sting (safe; 1% risk of failure)
Press: ? - help, Q - select action, (/) - cycle Shift-Dir - straight line, f/p - wolf
Aim: a wolf (almost dead, extremely poisoned, 60% to hit)
The sting hits the wolf but does no damage.
The wolf looks as sick as possible!
The wolf is almost dead.
You kill the wolf!
You start resting.
You hear the faint creaking of a portcullis very nearby.
A wight is nearby!
A wight is nearby!
You start resting.
A wight is nearby!
A wight is nearby!
Found a flagged portal.
A wight comes into view. It is wielding a +0 trident.
A wight comes into view.
It is wielding a +3 hand axe of freezing.
A wight comes into view.
It is wielding a +2 dire flail of freezing.
Found 18 gold pieces.
The wight barely misses you. The wight misses you. The wight barely misses you.
The wight barely misses you. The wight completely misses you.
There is a flagged portal here.
The wight closely misses you.
The wight hits you with a +3 hand axe of freezing!
You die...
Your body crumbles into a pile of gold.

######### ####.......#
#..$.8.....#
#..........#
#.8.....8..#
#..........#
#...z......#
#8..z@...8.#
#..........#
#..z.......#
##z8.....8..#
#...........#
#..z..8.....#
#..##.###...#
############.##.....###
z...$z.......##.#####


You could see 5 wights.

Vanquished Creatures
  Prince Ribbit (D:5)
  Sigmund (D:4)
  2 black bears
  2 orc warriors
  2 sky beasts
  An ice beast (D:6)
  2 wolves (D:8)
  2 centaurs (D:6)
  A kobold brigand (D:7)
  A bullfrog (D:4)
  A gnoll sergeant (D:7)
  A scorpion (D:4)
  A gnoll bouda (D:5)
  A hound (D:5)
  4 jellies
  An orc priest (D:3)
  Jessica (D:2)
  4 orc wizards
  Natasha (D:3)
  9 iguanas
  7 gnolls
  7 adders
  2 shadow imps
  A white imp (D:7)
  2 ufetubi
  4 worms
  16 orcs
  5 bats
  4 endoplasms
  3 giant cockroaches
  6 goblins
  6 hobgoblins
  5 jackals
  7 kobolds
  2 quokkas
  5 ball pythons
  4 frilled lizards
  6 rats
131 creatures vanquished.

Vanquished Creatures (others)
  2 plants (D:1)
2 creatures vanquished.

Grand Total: 133 creatures vanquished

Notes
Turn   | Place    | Note
-------+----------+-------------------------------------------
     0 | D:1      | raph the Felid Venom Mage began the quest for the Orb.
     0 | D:1      | Reached XP level 1. HP: 7/7 MP: 4/4
   261 | D:1      | Reached skill level 3 in Poison Magic
   317 | D:1      | Reached XP level 2. HP: 9/11 MP: 4/6
   360 | D:1      | Learned a level 2 spell: Poisonous Vapours
  1264 | D:1      | Reached XP level 3. HP: 14/14 MP: 1/7
  1553 | D:2      | Learned a level 3 spell: Mephitic Cloud
  1589 | D:2      | Reached skill level 4 in Poison Magic
  1746 | D:2      | Found a faded altar of an unknown god.
  1819 | D:2      | Noticed Jessica
  1831 | D:2      | Killed Jessica
  1832 | D:2      | Reached XP level 4. HP: 4/18 MP: 1/8
  2964 | D:3      | Reached skill level 1 in Conjurations
  2964 | D:3      | Reached skill level 1 in Air Magic
  3388 | D:3      | Reached XP level 5. HP: 21/21 MP: 0/9
  3518 | D:3      | Found a glowing silver altar of Zin.
  3519 | D:3      | Found an opulent altar of Gozag.
  3526 | D:3      | Became a worshipper of Gozag Ym Sagoz the Greedy
  3754 | D:3      | Noticed Natasha
  3761 | D:3      | Killed Natasha
  3863 | D:3      | Noticed Grinder
  3894 | D:4      | Noticed Sigmund
  3905 | D:4      | Killed Sigmund
  3906 | D:4      | Reached skill level 5 in Poison Magic
  3906 | D:4      | Gained mutation: You are covered in thick fur. (AC +2)
                  | [Felid growth]
  3906 | D:4      | Reached XP level 6. HP: 24/24 MP: 1/11
  4017 | D:4      | Learned a level 4 spell: Olgreb's Toxic Radiance
  4370 | D:4      | Identified the +6 flail "Zituecob" {antimagic, rC++}
  5129 | D:4      | Reached XP level 7. HP: 19/27 MP: 8/13
  5264 | D:5      | Entered Level 5 of the Dungeon
  5649 | D:5      | Reached skill level 6 in Poison Magic
  5763 | D:5      | Noticed Prince Ribbit
  5788 | D:5      | Killed Prince Ribbit
  6258 | D:5      | Reached skill level 7 in Poison Magic
  6722 | D:5      | Reached XP level 8. HP: 10/31 MP: 1/15
  7401 | D:5      | Found a bloodstained altar of Trog.
  7812 | D:5      | Found a shimmering blue altar of Sif Muna.
  7812 | D:5      | Found a faded altar of an unknown god.
  7818 | D:5      | Found a hide-covered altar of Uskayaw.
  7820 | D:5      | Found a faded altar of an unknown god.
  7822 | D:5      | Found an ancient bone altar of Kikubaaqudgha.
  8345 | D:6      | Reached skill level 5 in Spellcasting
  8520 | D:6      | Reached skill level 8 in Poison Magic
  8772 | D:6      | Engulfed by a steam dragon's steam
  8773 | D:6      | Reached XP level 7. HP: -1/27 MP: 12/15
  8773 | D:6      | Found a sparkling altar of Nemelex Xobeh.
  8773 | D:6      | Found a radiant altar of Vehumet.
  9711 | D:7      | Reached XP level 8. HP: 22/31 MP: 8/17
 10337 | D:7      | Found a staircase to the Ecumenical Temple.
 10499 | D:7      | Reached skill level 9 in Poison Magic
 11067 | D:7      | Found a stormy altar of Qazlal.
 11079 | D:7      | Learned a level 3 spell: Spider Form
 11480 | D:8      | Noticed Grum
 11482 | D:8      | Found a shimmering altar of Xom.
 11552 | D:8      | Slain by a wight
 11553 | D:8      | Reached XP level 7. HP: -2/26 MP: 6/17
 11602 | D:8      | Found a flagged portal.
 11613 | D:8      | Slain by a wight

Illustrated notes

Levels and vault maps discovered:
D:1:      ebering_hopf_link, layout_rooms, serial_forest,
          infiniplex_forest_lined_1, infiniplex_forest_straight_2,
          infiniplex_forest_straight_4, infiniplex_forest_lined_2,
          infiniplex_forest_end_2, infiniplex_forest_lined_1,
          infiniplex_forest_clump_tiny
D:2:      layout_basic, basic_ecumenical_altar, grunt_ministairs_14,
          kennysheep_generic_room_3, uniq_jessica
D:3:      layout_loops_ring, grunt_temple_overflow_gold_and_silver,
          grunt_ministairs_5, minmay_misc_feat_columns, uniq_grinder,
          uniq_natasha
D:4:      layout_loops_ring, uniq_sigmund
D:5:      layout_basic, lightli_temple_of_fire,
          chequers_temple_overflow_minitemple, uniq_prince_ribbit1
D:6:      layout_basic, mainiacjoe_overflow_large_starburst, minmay_three_doors,
          uniq_menkaure, uniq_eustachio
D:7:      layout_loops_corners, kennysheep_little_box, minmay_temple_entry_mist
D:8:      layout_basic, mainiacjoe_overflow_paths, enter_bailey_6,
          minmay_misc_feat_rugged, nicolae_shop_self_help, uniq_maggie,
          uniq_grum

Skill      XL: |  1  2  3  4  5  6  7  8 |
---------------+-------------------------+-----
Poison Magic   | 3 4 5 7 9 |  9.5
Conjurations   | 1 2 |  2.0
Air Magic      | 1 2 |  2.0
Spellcasting   | 3 4 6 |  6.3
Dodging        | |  2.6
Stealth        | |  2.6
Transmutations | |  1.1

Action                   |  1- 3 |  4- 6 |  7- 9 || total
-------------------------+-------+-------+-------++-------
Melee: Unarmed           |    41 |    21 |    40 ||   102
       Punch             |     1 |       |     1 ||     2
       Bite              |     3 |     2 |     8 ||    13
 Cast: Sting             |    41 |    76 |   138 ||   255
       Poisonous Vapours |    16 |    25 |    22 ||    63
       Mephitic Cloud    |       |     1 |     9 ||    10
       Olgreb's Toxic Ra |       |       |    32 ||    32
Evoke: Wand              |       |       |     5 ||     5
  Use: Potion            |     1 |     1 |       ||     2
       Scroll            |       |    11 |       ||    11
 Stab: Distracted        |       |     1 |       ||     1
       Confused          |       |       |     1 ||     1
Armor: Skin              |     2 |     6 |     7 ||    15
Dodge: Dodged            |    31 |    48 |   116 ||   195
